 Dungeon Crawl Stone Soup version 0.28.0-45-g0d030f2227 (webtiles) character file.

Game seed: 8723123063853049787

623 Woods the Insei (level 7, 0/62 (64) HPs)
             Began as a Naga Transmuter on Apr 23, 2022.
             Was an Initiate of Cheibriados.
             Slain by a necrophage (6 damage)
             ... on level 5 of the Dungeon.
             The game lasted 00:05:55 (5922 turns).

Woods the Insei (Naga Transmuter)                   Turns: 5922, Time: 00:05:55

HP:   0/62 (64)     AC:  2    Str: 19    XL:     7   Next: 47%
MP:   12/12         EV: 19    Int: 16    God:    Cheibriados [......]
Gold: 111           SH:  0    Dex: 18    Spells: 7/13 levels left

rFire   . . .      SeeInvis +     - Unarmed
rCold   . . .      Faith    .   (shield currently unavailable)
rNeg    . . .      Spirit   .   (armour currently unavailable)
rPois   x          Reflect  .   (helmet currently unavailable)
rElec   .          Harm     .   (cloak currently unavailable)
rCorr   .          Rampage  .   (gloves currently unavailable)
Will    .....                   (no barding)
Stlth   ++........              m - amulet of magic regeneration
HPRegen 0.20/turn               e - +6 ring of strength
MPRegen 0.53/turn               (no ring)

@: spider-form (expiring), lightly drained, very slow
A: venomous fangs, AC +2, tiny, see invisible, (deformed body), (poison
resistance), (slowness 2), spit poison 1, (naga tail 1)
a: Spit Poison, End Transformation, Renounce Religion


You were on level 5 of the Dungeon.
You worshipped Cheibriados.
Cheibriados was noncommittal.
You were a venomous arachnid creature.
You visited 2 branches of the dungeon, and saw 6 of its levels.

You collected 135 gold pieces.
You spent 24 gold pieces at shops.

Inventory:

Armour
 a - a +0 robe (melded)
 d - a +0 plate armour
Jewellery
 e - a +6 ring of strength (left front leg)
 m - an amulet of magic regeneration (around neck)
Wands
 o - a wand of polymorph (1)
 r - a wand of flame (21)
Scrolls
 c - 3 scrolls of silence
 f - a scroll of enchant weapon {unknown}
 g - 2 scrolls of identify
 h - a scroll of noise {unknown}
 i - a scroll of fog {unknown}
 l - a scroll of teleportation {unknown}
 q - a scroll of blinking {unknown}
 t - a scroll of acquirement {unknown}
Potions
 b - a potion of attraction {unknown}
 j - a potion of heal wounds {unknown}
 k - a potion of mutation {unknown}
 n - a potion of magic {unknown}
 p - a potion of lignification {unknown}
 s - a potion of degeneration {unknown}
 u - a potion of flight {unknown}


   Skills:
 - Level 4.0 Fighting
 - Level 1.7 Dodging
 - Level 5.0 Unarmed Combat
 + Level 3.9 Spellcasting
 + Level 3.8 Transmutations
 - Level 2.0 Poison Magic


You had 7 spell levels left.
You knew the following spells:

 Your Spells              Type           Power      Damage    Failure   Level
a - Beastly Appendage     Tmut           30%        N/A       12%         1
b - Wereblood             Tmut           15%        N/A       16%         2
c - Spider Form           Tmut/Pois      12%        N/A       34%         3

Your spell library contained the following spells:

 Spells                   Type           Power      Damage    Failure   Level
 Magic Dart               Conj           12%        1d3       36%         1
 Call Imp                 Summ           3%         N/A       47%         2
 Mephitic Cloud           Conj/Pois/Air  5%         N/A       58%         3
 Dazzling Flash           Conj/Hex       6%         N/A       67%         3
 Ice Form                 Ice/Tmut       9%         N/A       80%         4
 Agony                    Necr           3%         N/A       100%        5
 Silence                  Hex/Air        1%         N/A       100%        5


Dungeon Overview and Level Annotations

Branches:
Dungeon (5/15)             Temple (1/1) D:4

Altars:
Ashenzari
Cheibriados
Dithmenos
Elyvilon
Fedhas
Gozag
Hepliaklqana
Kikubaaqudgha
Makhleb
Nemelex Xobeh
Okawaru
Qazlal
Ru
Sif Muna
Trog
Uskayaw
Vehumet
Wu Jian
Xom
Zin
The Shining One

Shops:
D:1 ?


Innate Abilities, Weirdness & Mutations

You are a venomous arachnid creature.
You have poisonous fangs.
You are tiny and dextrous.
Your spellcasting is less reliable in this form.
Your armour is entirely melded.
You are incapable of wielding weapons or throwing items.
((Your serpentine skin is tough. (AC +2)))
You have supernaturally acute eyesight. (SInv)
((Armour fits poorly on your strangely shaped body.))
((Your system is resistant to poisons. (rPois)))
((You cover ground very slowly.))
You can spit poison.
((You have a snake-like lower body.))


Message History

The hound barely misses you. The hound closely misses you.
You hit the hound.
The hound looks as sick as possible!
The hound is severely wounded.
The hound misses you.
You closely miss the hound.
The hound is severely wounded.
The hound closely misses you. x2
You bite the hound!
You kill the hound!
Cheibriados thoroughly appreciates the change of pace.
You bite the white imp!
The white imp is poisoned.
The white imp is severely wounded.
The white imp puffs mist at you. The white imp misses you.
You hit the white imp.
You kill the white imp!
Cheibriados appreciates the change of pace.
You hit the necrophage.
The necrophage is moderately damaged.
The necrophage hits you but does no damage.
You completely miss the necrophage.
The necrophage is moderately damaged.
The necrophage misses you.
You bite the necrophage!
The necrophage is heavily damaged.
The necrophage hits you.
* * * LOW HITPOINT WARNING * * *
You feel drained.
* * * LOW HITPOINT WARNING * * *
You hit the necrophage.
The necrophage is severely damaged.
Your transformation is almost over.
The necrophage barely misses you.
You hit the necrophage.
The necrophage is severely damaged.
The necrophage misses you.
You hit the necrophage but do no damage.
The necrophage is severely damaged.
The necrophage hits you.
You die...

#...# # ###.# .# #.#
######.##
#.#####........
#.......#...#..
.>#####..###.........
.........# #.....#...
.........###........>
#####.....sn.........
#...#######....#.
#...# ...... #...#
##.## #...# .. #....
# #... ....


You could see a necrophage.

Vanquished Creatures
  Grinder (D:4)
  A necrophage (D:4)
  A scorpion (D:4)
  A hound (D:5)
  A centaur skeleton (D:4)
  A gnoll shaman (D:4)
  Ijyb (D:3)
  An iguana (D:4)
  2 hound skeletons (D:5)
  5 gnolls
  An adder (D:4)
  A white imp (D:5)
  An adder zombie (D:5)
  A dart slug (D:1)
  4 orcs (D:5)
  4 bats
  3 endoplasms (D:2)
  3 giant cockroaches
  5 goblins
  4 hobgoblins
  3 jackals (D:3)
  2 quokkas
  2 ball pythons
  4 frilled lizards
  5 kobolds
  A rat (D:1)
59 creatures vanquished.

Notes
Turn   | Place    | Note
-------+----------+-------------------------------------------
     0 | D:1      | Woods the Naga Transmuter began the quest for the Orb.
     0 | D:1      | Reached XP level 1. HP: 18/18 MP: 3/3
   187 | D:1      | Reached XP level 2. HP: 22/25 MP: 3/5
   778 | D:1      | Found Unuossus's Magic Scroll Boutique.
   786 | D:1      | Bought a scroll of identify for 24 gold pieces
  1477 | D:2      | Found a faded altar of an unknown god.
  1534 | D:2      | Reached XP level 3. HP: 31/31 MP: 4/6
  1883 | D:3      | Learned a level 2 spell: Wereblood
  1925 | D:3      | Learned a level 3 spell: Spider Form
  2336 | D:3      | Noticed Ijyb
  2718 | D:3      | Killed Ijyb
  2719 | D:3      | Reached skill level 4 in Unarmed Combat
  2719 | D:3      | Reached XP level 4. HP: 30/40 MP: 7/7
  3462 | D:4      | Reached XP level 5. HP: 36/49 MP: 8/8
  4131 | D:4      | Reached skill level 5 in Unarmed Combat
  4131 | D:4      | Reached XP level 6. HP: 47/57 MP: 9/9
  4230 | D:4      | Noticed Grinder
  4243 | D:4      | Paralysed by Grinder for 4 turns
  4246 | D:4      | Killed Grinder
  4549 | D:4      | Found a staircase to the Ecumenical Temple.
  4574 | Temple   | Entered the Ecumenical Temple
  4784 | Temple   | Became a worshipper of Cheibriados the Contemplative
  4949 | D:4      | Reached XP level 7. HP: 30/64 MP: 11/11
  5453 | D:5      | Entered Level 5 of the Dungeon
  5922 | D:5      | Slain by a necrophage

Illustrated notes

Levels and vault maps discovered:
D:1:      minmay_arrival_up_and_down, layout_rooms, serial_shops, shop_scrolls
D:2:      layout_rooms, hellmonk_ecumenical_altar_blasted
D:3:      layout_basic, uniq_ijyb
D:4:      layout_gridville, minmay_temple_entry_drinking_statues, uniq_grinder
D:5:      layout_loops_cross, eino_tiny_chamber, kennysheep_generic_room_15,
          uniq_blork_the_orc, uniq_duvessa
Temple:   roderic_octagonal_lattice_temple

Skill      XL: |  1  2  3  4  5  6 |
---------------+-------------------+-----
Fighting       | 2 3 4 |  4.0
Unarmed Combat | 4 5 |  5.0
Spellcasting   | 3 |  3.9
Poison Magic   | 2 |  2.0
Transmutations | 3 |  3.8
Dodging        | |  1.7

Action                   |  1- 3 |  4- 6 |  7- 9 || total
-------------------------+-------+-------+-------++-------
Melee: Unarmed           |   120 |    68 |    57 ||   245
       Punch             |     4 |     1 |     3 ||     8
       Headbutt          |     3 |     6 |     4 ||    13
 Cast: Beastly Appendage |    12 |     9 |     2 ||    23
       Spider Form       |     2 |     2 |     3 ||     7
       Wereblood         |       |     1 |       ||     1
 Abil: Spit Poison       |     2 |     3 |       ||     5
  Use: Scroll            |     1 |       |       ||     1
Armor: Robe              |    21 |    12 |     5 ||    38
       Skin              |       |       |     4 ||     4
Dodge: Dodged            |    74 |    43 |    45 ||   162
